[Event "Early-Titled-Tuesday-Blitz-May-14-2024"]
[Site "Chess.com"]
[Date "2024.05.14"]
[Round "2"]
[White "Ural_bogatyr"]
[Black "Doublekk14"]
[Result "1-0"]
[WhiteElo "2565"]
[BlackElo "2352"]
[TimeControl "180+1"]
[EndTime "8:18:29 PDT"]
[Termination "Ural_bogatyr won on time"]

1. d4 Nf6 2. Nc3 d5 3. Bf4 e6 4.
Nb5 Na6 5. e3 c6 6. Nc3 Nc7 7.
Nf3 Bd6 8. Ne5 O-O 9. Bd3 c5 10. O-O a6 11. a4 c4 12. Be2 Nd7 13. Nc6 bxc6 14. Bxd6 Re8 15. Bg3 Bb7 16. e4 e5 17.
exd5 cxd5 18. Bg4 e4 19. f3 Nf6 20. fxe4 Nxe4 21. Nxe4 dxe4 22. c3 Nd5 23. Qe2 Qg5 24.
Rae1 Rad8 25. h4 Qg6 26. Be5 f6 27. Bh5 Qh6 28. Bxe8 Rxe8 29. Bg3 Qg6 30. Kh2 f5 31. Qxc4 Kh8 32. Be5 Qg4 33. g3 Qh5 34. Qe2 Qh6 35.
Rxf5 Bc8 36. Rh5 Qe6 37. Qg2 e3 38. Rg5 Re7 39. Qxd5 1-0

[Event "Early-Titled-Tuesday-Blitz-May-14-2024"]
[Site "Chess.com"]
[Date "2024.05.14"]
[Round "2"]
[White "GM4life"]
[Black "PawnEatingZombie"]
[Result "1-0"]
[WhiteElo "2518"]
[BlackElo "2264"]
[TimeControl "180+1"]
[EndTime "8:18:29 PDT"]
[Termination "GM4life won by resignation"]

1. e4 c5 2. Nc3 Nc6 3. Nf3 e5 4. Bc4 Be7 5. d3 d6 6. Nd2 Nf6 7. Nf1 O-O 8. Ne3 Be6 9. a3 Nd4 10. O-O Nd7 11. Ncd5 Bg5 12. c3 Nc6 13. g3 Kh8 14. h4 Bh6 15. b4 b6 16. Kg2 Rc8 17. Qh5 Ne7 18. Bd2 Bxd5 19. Bxd5 Nf6 20. Qe2 Nexd5 21.
Nxd5 Bxd2 22. Qxd2 Nxd5 23. exd5 Qd7 24. c4 b5 25. bxc5 Rxc5 26. Rfc1 bxc4 27. dxc4 Rfc8 28. Qb4 Qc7 29. Rab1 h6 30. Qb7 f5 31. Rb4 a5 32.
Rb5 Qxb7 33. Rxb7 Rxc4 34. Rcb1 R4c5 35. Rf7 Rxd5 36. Rbb7 Rg8 37. Rxf5 Rd3 38. Rd7 Rxa3 39. Rxd6 a4 40. g4 Ra1 41. Rxe5 a3 42. Ra5 Rf8 43. Kg3 Ra2 44. f3 Re8 45. Rd3 Ree2 46. Rdxa3 Rg2+ 47. Kf4 Rxa3 48. Rxa3 Kh7 49. Ra6 Rb2 50. Ra4 Rb5 51. Re4 Rc5 52. Re5 Rc4+ 53. Kf5 Rb4 54. f4 Rc4 55.
Rd5 Rb4 56. g5 hxg5 57. hxg5 Rb6 58. Re5 Ra6 59. Re6 Ra5+ 60. Kg4 Ra6 61. Rxa6 1-0

[Event "Early-Titled-Tuesday-Blitz-May-14-2024"]
[Site "Chess.com"]
[Date "2024.05.14"]
[Round "2"]
[White "GothamChess"]
[Black "Nechitaylo_Nikita"]
[Result "1-0"]
[WhiteElo "2726"]
[BlackElo "2356"]
[TimeControl "180+1"]
[EndTime "8:18:31 PDT"]
[Termination "GothamChess won by resignation"]

1. e4 c5 2. Nc3 Nc6 3. Bb5 Nd4 4. Nf3 Nxb5 5. Nxb5 d6 6. d4 cxd4 7. Qxd4 Nf6 8. O-O Bd7 9. Nc3 Bc6 10. Re1 g6 11.
Nd5 Bg7 12. Bg5 Bxd5 13. exd5 O-O 14. Rad1 Re8 15. Qb4 Qb6 16. Qxb6 axb6 17. a3 Rac8 18. c3 Rc5 19. Bxf6 Bxf6 20. Re4 b5 21. Rb4 Ra8 22. Kf1 Ra4 23. Ke2 Kf8 24. Ne1 Ke8 25. Nc2 Kd7 26. Ne3 Rxb4 27. axb4 Rc8 28. Ra1 Kc7 29. Kd3 Kb6 30. f4 h5 31. g3 Rc7 32. Ra8 e6 33.
Rf8 e5 34. f5 g5 35. h3 h4 36.
gxh4 gxh4 37. Ng4 Bg5 38. f6 Rc4 39. Rxf7 e4+ 40. Ke2 Rc7 41. Rxc7 Kxc7 42. f7 Be7 43. Nf6 Kd8 44. Nh7 Bf8 45. Nxf8 Ke7 46. Ng6+ Kxf7 47. Nxh4 1-0

[Event "Early-Titled-Tuesday-Blitz-May-14-2024"]
[Site "Chess.com"]
[Date "2024.05.14"]
[Round "2"]
[White "jraosam"]
[Black "Athanasios2"]
[Result "0-1"]
[WhiteElo "2054"]
[BlackElo "2676"]
[TimeControl "180+1"]
[EndTime "8:18:32 PDT"]
[Termination "Athanasios2 won by checkmate"]

1. e4 c5 2. Nc3 Nc6 3. g3 g6 4. Bg2 Bg7 5. d3 Nf6 6. h3 O-O 7. Be3 b6 8. Qd2 Bb7 9. Nge2 e6 10. O-O d5 11. exd5 Nxd5 12. Nxd5 exd5 13. d4 cxd4 14. Nxd4 Ne5 15. b3 Rc8 16. Rad1 Qe7 17. Rfe1 Rfe8 18. Bh6 Qa3 19. Bxg7 Kxg7 20. Qg5 f6 21. Nf5+ Kf7 22.
Qh6 gxf5 23. Qxh7+ Kf8 24. Qxb7 Rxc2 25. Bxd5 Qc5 26.
Rf1 Qe7 27. a4 Qxb7 28. Bxb7 Re7 29. Rd8+ Kg7 30. Bd5 Rd2 31. Kg2 Ng6 32. Rg8+ Kh7 33. Bc4 Ne5 34. Rc8 Ng6 35. Bg8+ Kg7 36. Bc4 f4 37. h4 fxg3 38. Kxg3 Ne5 39. Rg8+ Kh7 40. Rc8 Rg7+ 41. Kh3 Rd4 42. Be6 Rf4 43. f3 Nxf3 44. Bd5 Rxh4# 0-1

[Event "Early-Titled-Tuesday-Blitz-May-14-2024"]
[Site "Chess.com"]
[Date "2024.05.14"]
[Round "2"]
[White "yuriydovzik"]
[Black "LuisFSiles"]
[Result "1-0"]
[WhiteElo "2153"]
[BlackElo "2456"]
[TimeControl "180+1"]
[EndTime "8:18:32 PDT"]
[Termination "yuriydovzik won by resignation"]

1. Nf3 Nf6 2. b3 g6 3. Bb2 Bg7 4. g3 O-O 5. Bg2 c5 6. O-O Nc6 7. c4 d6 8. h3 e5 9. d3 h6 10. Nbd2 Nh7 11. Ne1 f5 12. f4 g5 13. e3 Be6 14. Rc1 Kh8 15. Kh2 Qe8 16. Ndf3 exf4 17. Bxg7+ Kxg7 18. gxf4 g4 19. Ng1 h5 20. Qd2 Nf6 21.
Ne2 Rg8 22. Rg1 Kf7 23. d4 gxh3 24. Bxh3 d5 25. Nf3 Ng4+ 26. Bxg4 hxg4 27. Ng5+ Rxg5 28.
fxg5 Qh8+ 29. Kg2 Qh3+ 30. Kf2 Re8 31. Rg3 Qh2+ 32. Rg2 Qh3 33. Rg3 Qh2+ 34. Rg2 Qh4+ 35. Rg3 Qxg5 36. Rh1 cxd4 37. Nxd4 Ne5 38. Rh7+ Kg6 39.
Rh2 Rf8 40. Nxe6 Qf6 41. Nxf8+ Qxf8 42. Qxd5 Qf6 43. Qxb7 Nf7 44. Qd5 Qb2+ 45. Kg1 Qc1+ 46. Kg2 Qxe3 47. Rxe3 1-0

[Event "Early-Titled-Tuesday-Blitz-May-14-2024"]
[Site "Chess.com"]
[Date "2024.05.14"]
[Round "2"]
[White "Artem_Koval"]
[Black "chesslh93"]
[Result "1-0"]
[WhiteElo "2552"]
[BlackElo "2336"]
[TimeControl "180+1"]
[EndTime "8:18:33 PDT"]
[Termination "Artem_Koval won on time"]

1. d4 d5 2. c4 e6 3. Nf3 Nf6 4. g3 Be7 5. Bg2 O-O 6. O-O dxc4 7. Qc2 a6 8. a4 Bd7 9. Nc3 Bc6 10.
Rd1 Bxf3 11. Bxf3 Nc6 12. Bxc6 bxc6 13. Bf4 a5 14. e4 Rb8 15. Ne2 Qd7 16. f3 c5 17.
dxc5 Bxc5+ 18. Kg2 Qe7 19. Be5 Nd7 20. Bxc7 Ra8 21. Qxc4 Rfc8 22. Bf4 Be3 23. Qd3 Bxf4 24. Qxd7 Qxd7 25. Rxd7 Rc7 26. Rad1 Rxd7 27. Rxd7 Be5 28. b3 g6 29. f4 Bb2 30. Rb7 Rc8 31. Rb5 Rc2 32. Kf3 Rd2 33. Ke3 Rd1 34. Rxa5 Rh1 35.
h4 h5 36. Rb5 Ra1 37. a5 Kg7 38. b4 Ba3 39. Rb7 Kf8 40. Nd4 Ke8 41. Nc6 Bc1+ 42. Kd3 Ra3+ 43. Kc4 Rxg3 44. a6 Be3 45. b5 Rg4 46. b6 1-0

[Event "Early-Titled-Tuesday-Blitz-May-14-2024"]
[Site "Chess.com"]
[Date "2024.05.14"]
[Round "2"]
[White "Arteler"]
[Black "laurenzchess"]
[Result "1-0"]
[WhiteElo "2230"]
[BlackElo "2488"]
[TimeControl "180+1"]
[EndTime "8:18:34 PDT"]
[Termination "Arteler won by resignation"]

1. e4 c5 2. Nf3 Nc6 3. d4 cxd4 4. Nxd4 Nf6 5. Nc3 e5 6. Ndb5 d6 7. Bg5 a6 8. Na3 b5 9. Nd5 Be7 10. Bxf6 Bxf6 11. c3 Rb8 12. Nc2 Bg5 13. Nce3 O-O 14.
h4 Bxe3 15. Nxe3 Be6 16. Be2 b4 17. c4 Nd4 18. b3 f5 19. exf5 Bxf5 20. Bd3 Bxd3 21.
Qxd3 Qf6 22. Qd2 e4 23. Rd1 Ne6 24. O-O Nf4 25. Nd5 Qxh4 26. Nxf4 Rxf4 27. Qxd6 Rbf8 28. Qe6+ Kh8 29. g3 Qg5 30. Kg2 Rg4 31. Rd5 Qg6 32.
Qxg6 Rxg6 33. Re5 Rg4 34. Re1 h6 35. R5xe4 Rg5 36. Re6 Rgf5 37. R1e2 a5 38. Re7 a4 39.
R7e5 Rxe5 40. Rxe5 axb3 41. axb3 Rb8 42. Rb5 Ra8 43.
Rxb4 Kh7 44. Rb5 Kg6 45. c5 1-0

[Event "Early-Titled-Tuesday-Blitz-May-14-2024"]
[Site "Chess.com"]
[Date "2024.05.14"]
[Round "2"]
[White "AttilaTurzo"]
[Black "akanga001"]
[Result "1-0"]
[WhiteElo "2478"]
[BlackElo "2155"]
[TimeControl "180+1"]
[EndTime "8:18:36 PDT"]
[Termination "AttilaTurzo won on time"]

1. d4 d5 2. c4 dxc4 3. e3 e5 4. Bxc4 exd4 5. Nf3 Nf6 6. O-O Be7 7. Qxd4 O-O 8. Nc3 Bg4 9. Qxd8 Rxd8 10. Ne5 Bh5 11. e4 Nbd7 12. Nxd7 Rxd7 13. Be3 a6 14. f3 Rad8 15. a4 Bb4 16. Kf2 Bg6 17. Ke2 Bd6 18.
g3 Be5 19. Rac1 Bxc3 20. Rxc3 c6 21. Bb6 Re8 22. Re3 Rde7 23. Bc5 Rd7 24. Rd1 Red8 25. Rxd7 Nxd7 26. Bd4 b5 27. axb5 axb5 28. Ba2 c5 29.
Bc3 c4 30. Bd4 Nb8 31. Bc5 Nd7 32. Bd4 Rc8 33. Rc3 Nc5 34. Ke3 Na4 35. Rc2 Kf8 36. b3 cxb3 37. Rxc8+ Ke7 38. Bxb3 f6 39. Rb8 Kd6 40. Rxb5 Bf7 41. Bxa4 Be8 42. Rd5+ Ke7 43. Bc5+ 1-0

[Event "Early-Titled-Tuesday-Blitz-May-14-2024"]
[Site "Chess.com"]
[Date "2024.05.14"]
[Round "2"]
[White "vladgoncharov"]
[Black "penguingm1"]
[Result "0-1"]
[WhiteElo "2566"]
[BlackElo "2823"]
[TimeControl "180+1"]
[EndTime "8:18:37 PDT"]
[Termination "penguingm1 won on time"]

1. d4 d5 2. c4 e6 3. Nc3 Be7 4. Nf3 Nf6 5. Bg5 h6 6. Bh4 O-O 7. e3 b6 8. cxd5 Nxd5 9. Bxe7 Qxe7 10. Nxd5 exd5 11. Rc1 Be6 12. Qb3 c5 13. Qa3 Rc8 14. Bb5 Qb7 15. O-O c4 16. Qd6 a6 17. Ba4 b5 18. Bc2 Nd7 19. Ne5 Nf6 20. f4 a5 21.
f5 Ra6 22. Qxa6 Qxa6 23. fxe6 fxe6 24. Bg6 Rc7 25. g4 Kf8 26. h4 Ke7 27. g5 hxg5 28. hxg5 Nd7 29. Rf7+ Kd6 30. Rcf1 Qc8 31. Nf3 b4 32.
Rxg7 c3 33. bxc3 bxc3 34. Bc2 Qh8 35. Rh7 Qg8 36. Rb1 Qf8 37. Kg2 Qc8 38. Rf7 Rb7 39.
Rxb7 Qxb7 40. g6 Qb2 41. Ne1 Qb8 42. g7 Qg8 43. Bg6 e5 44. Nc2 Ke6 45. Kg3 Nf6 0-1

[Event "Early-Titled-Tuesday-Blitz-May-14-2024"]
[Site "Chess.com"]
[Date "2024.05.14"]
[Round "2"]
[White "Tolyanius"]
[Black "AryanTari"]
[Result "0-1"]
[WhiteElo "2660"]
[BlackElo "3055"]
[TimeControl "180+1"]
[EndTime "8:18:38 PDT"]
[Termination "AryanTari won by resignation"]

1. e4 e5 2. Nf3 Nc6 3. Bc4 Nf6 4. d3 Bc5 5. c3 d6 6. Nbd2 a5 7. Bb3 O-O 8. a4 Be6 9. Bc2 h6 10. h3 d5 11. Qe2 Re8 12. Kf1 d4 13. g3 Bf8 14. Kg2 Nd7 15. Nh4 Nc5 16. c4 Nb4 17.
Nb3 Nbxd3 18. Bxd3 Nxb3 19. Rb1 Qd7 20. f4 exf4 21.
gxf4 f5 22. e5 Nc5 23. b3 Qf7 24. Kh2 Be7 25. Nf3 Rad8 26. Rg1 Qh5 27. Bd2 Bf8 28. Bxa5 Ne4 29. Rbc1 c5 30. Bxd8 Rxd8 31. Rg3 Nxg3 32.
Kxg3 g5 33. Rg1 Be7 34. fxg5 f4+ 35. Kf2 hxg5 36. Qe4 Bxh3 37. Qxb7 Re8 38. Qd5+ Kg7 39. e6 Bg4 40. Be2 Bf6 41. Nxg5 Qh4+ 42. Kf1 Bxe2+ 43. Kxe2 Qh2+ 44. Rg2 f3+ 45. Nxf3+ Qxg2+ 46. Kd3 Qg3 47.
Qd7+ Re7 48. Qd5 Qf4 49. Qe4 Qxe4+ 50. Kxe4 Rxe6+ 51. Kd5 Re3 52. Nd2 Re2 53. Ne4 d3 54. Nc3 Bxc3 0-1

[Event "Early-Titled-Tuesday-Blitz-May-14-2024"]
[Site "Chess.com"]
[Date "2024.05.14"]
[Round "2"]
[White "ChessSG1"]
[Black "JaloliddinIlkhomi"]
[Result "1-0"]
[WhiteElo "2486"]
[BlackElo "2742"]
[TimeControl "180+1"]
[EndTime "8:18:38 PDT"]
[Termination "ChessSG1 won on time"]

1. c4 Nf6 2. g3 e6 3. Bg2 d5 4. Nf3 b6 5. O-O Bb7 6. cxd5 exd5 7. d4 Nbd7 8. Nc3 a6 9. Bf4 Be7 10. Rc1 O-O 11. Ne5 c5 12. Nxd7 Qxd7 13. Na4 Qb5 14. dxc5 bxc5 15. Be5 c4 16. Nc3 Qa5 17. Qd2 Rad8 18. Rfd1 Qc5 19. e3 Ne4 20. Nxe4 dxe4 21. Bd4 Qb5 22. Qc2 Qf5 23. Qxc4 h6 24. Qc7 Rd7 25.
Qf4 Qxf4 26. gxf4 Rfd8 27. Bh3 Rd5 28. Rc7 Bf6 29. Rxb7 Bxd4 30. Rxd4 Rxd4 31. exd4 Rxd4 32. Kg2 Rd2 33. Rb8+ Kh7 34. Bf5+ g6 35. Bxe4 Re2 36. Bf3 Rd2 37. Rb6 a5 38. b3 Rxa2 39. Ra6 Kg7 40.
Bd5 Ra3 41. Ra7 g5 42. Rxf7+ Kh8 43. f5 a4 44. Ra7 Ra1 45. Rxa4 Rd1 46. Bc4 Kg7 47. Ra6 Kh7 48. f6 1-0

[Event "Early-Titled-Tuesday-Blitz-May-14-2024"]
[Site "Chess.com"]
[Date "2024.05.14"]
[Round "2"]
[White "mostafa_sakha"]
[Black "a_kandil"]
[Result "0-1"]
[WhiteElo "2345"]
[BlackElo "2562"]
[TimeControl "180+1"]
[EndTime "8:18:38 PDT"]
[Termination "a_kandil won by resignation"]

1. d4 Nf6 2. c4 e6 3. Nc3 Bb4 4.
e3 d5 5. a3 Bxc3+ 6. bxc3 c5 7. cxd5 Nxd5 8. Bb2 Qa5 9. Nf3 cxd4 10. exd4 O-O 11.
Bd3 Nf6 12. O-O Nbd7 13. c4 b6 14. Qb3 Bb7 15. Ne5 Nxe5 16. dxe5 Nd7 17. Bc3 Qc5 18. Bb4 Qc6 19. f3 Rfd8 20. Be4 Qc8 21. Bxb7 Qxb7 22. Bd6 Qc6 23. a4 Nxe5 24. Bxe5 Qc5+ 25. Kh1 Qxe5 26. a5 bxa5 27. Qb5 Qc7 28. Rxa5 Rdc8 29. c5 Rab8 30. Qa4 Rb7 31. Rc1 g6 32. h3 Rb2 33.
Rxa7 Qg3 34. Rg1 Qe5 35. c6 Qc5 36. Ra8 Rxa8 37. Qxa8+ Kg7 38. Rd1 Qc3 39. Qa4 Rc2 40. Qd4+ Qxd4 41. Rxd4 Rxc6 42. h4 h5 43. Kh2 Kf6 44.
Kg3 e5 45. Ra4 Ke6 46. Ra2 Rc1 47. Kf2 Rh1 48. g3 Rh2+ 0-1

[Event "Early-Titled-Tuesday-Blitz-May-14-2024"]
[Site "Chess.com"]
[Date "2024.05.14"]
[Round "2"]
[White "aloe_normansen"]
[Black "Louis-Paulsen-Fan"]
[Result "1-0"]
[WhiteElo "2549"]
[BlackElo "2328"]
[TimeControl "180+1"]
[EndTime "8:18:38 PDT"]
[Termination "aloe_normansen won by resignation"]

1. e4 Nf6 2. e5 Nd5 3. d4 d6 4. Nf3 g6 5. Bc4 Nb6 6. Bb3 Bg7 7. Ng5 d5 8. h3 O-O 9. O-O h6 10. Nf3 Na6 11. a4 Be6 12. c3 c5 13. Na3 Rc8 14. Be3 cxd4 15. Nxd4 Qd7 16. a5 Nc4 17. Nxc4 dxc4 18.
Ba4 Qd5 19. Nxe6 Qxe6 20. Bd7 Qxe5 21. Bxc8 Rxc8 22. Bxa7 Nc5 23. Re1 Qg5 24. Bxc5 Qxc5 25. Qd7 Rc7 26. Qe8+ Bf8 27. Rad1 Rc8 28. Rd8 Rxd8 29.
Qxd8 e6 30. Rd1 Qf5 31. Qb6 Bc5 32. Qd8+ Kg7 33. Rf1 Qc2 34. Qc7 Qf5 35. Qxb7 g5 36. a6 h5 37. a7 g4 38. hxg4 hxg4 39. a8=Q g3 40. Qf3 gxf2+ 41. Rxf2 Qb1+ 42. Kh2 Qh7+ 43.
Qh3 Qg6 1-0

[Event "Early-Titled-Tuesday-Blitz-May-14-2024"]
[Site "Chess.com"]
[Date "2024.05.14"]
[Round "2"]
[White "LionKing2367890"]
[Black "Hasangatin_Ramil"]
[Result "1-0"]
[WhiteElo "2248"]
[BlackElo "2678"]
[TimeControl "180+1"]
[EndTime "8:18:40 PDT"]
[Termination "LionKing2367890 won on time"]

1. e4 d5 2. exd5 Qxd5 3. Nc3 Qd6 4. Nf3 Nf6 5. d4 c6 6. Bc4 Bg4 7. Be3 Nbd7 8. O-O e6 9. h3 Bh5 10. Be2 Qc7 11. Qd2 Bd6 12. Ng5 Bg6 13. f3 O-O 14. Nge4 Bb4 15. Bd3 Rad8 16. a3 Bxc3 17. bxc3 Nd5 18.
Bg5 f6 19. Bh4 b5 20. Bg3 Qb6 21. Bd6 Rfe8 22. Nc5 Nxc5 23. dxc5 Qb7 24. Bxg6 hxg6 25. Qd3 Qf7 26. c4 bxc4 27. Qxc4 e5 28. Qa4 Rc8 29. Rab1 Nc3 30. Qb3 Nxb1 31. Qxf7+ Kxf7 32. Rxb1 Ke6 33. Rb7 a5 34. Rxg7 g5 35. Ra7 Ra8 36. Rc7 Rec8 37. Re7+ Kd5 38. Rf7 Re8 39. Rxf6 e4 40. Rf5+ Kc4 41.
fxe4 Rxe4 42. Rxg5 Re3 43. a4 Ra3 44. Rg4+ Kc3 45.
h4 Re8 46. h5 Re6 47. Rh4 Rh6 48. g4 Kxc2 49. g5 Re6 50. h6 Re2 51. Rf4 Rg3+ 52.
Kf1 Rgg2 53. h7 1-0

[Event "Early-Titled-Tuesday-Blitz-May-14-2024"]
[Site "Chess.com"]
[Date "2024.05.14"]
[Round "2"]
[White "rionelG"]
[Black "DishonorOnYourCow"]
[Result "1/2-1/2"]
[WhiteElo "2273"]
[BlackElo "2510"]
[TimeControl "180+1"]
[EndTime "8:18:40 PDT"]
[Termination "Game drawn by repetition"]

1. e4 c5 2. Nf3 d6 3. d4 cxd4 4.
Nxd4 Nf6 5. Nc3 a6 6. Bg5 e6 7. f4 h6 8. Bh4 Qb6 9. Qd2 Qxb2 10.
Rb1 Qa3 11. e5 dxe5 12. fxe5 Nfd7 13. Ne4 Qxa2 14. Rd1 Qd5 15. Qe3 Qxe5 16. c3 Bc5 17.
Bg3 Bxd4 18. Rxd4 Qa5 19. Bd6 Nc6 20. Rd2 Nf6 21. Nxf6+ gxf6 22. Bc5 Bd7 23. Be2 O-O-O 24. Bb6 Qe5 25. Qh3 Rdg8 26. O-O Ne7 27. Qd3 Bc6 28. Bf3 Nd5 29. Bd4 Qg5 30. Rb2 Nf4 31. Qe3 Nh3+ 32. Kh1 Qxe3 33. Bxe3 Bxf3 34. Rxf3 Ng5 35. Rxf6 Rd8 36.
Bd4 e5 37. Bg1 Rd1 38. h4 Ne4 39. Rxf7 Rg8 40. Rbxb7 Ng3+ 41. Kh2 Nf1+ 42. Kh1 Ng3+ 43. Kh2 Nf1+ 44. Kh1 Ng3+ 1/2-1/2

[Event "Early-Titled-Tuesday-Blitz-May-14-2024"]
[Site "Chess.com"]
[Date "2024.05.14"]
[Round "2"]
[White "TomLiu777"]
[Black "ProtectiveCarrot"]
[Result "0-1"]
[WhiteElo "2256"]
[BlackElo "2515"]
[TimeControl "180+1"]
[EndTime "8:18:40 PDT"]
[Termination "ProtectiveCarrot won by resignation"]

1. c4 Nf6 2. Nc3 a6 3. d4 c5 4. d5 b5 5. cxb5 axb5 6. Nxb5 Ba6 7. Nc3 g6 8. e4 Bxf1 9. Kxf1 Bg7 10. Nf3 d6 11. g3 O-O 12. Kg2 Nbd7 13. h3 Qa5 14. Bd2 Rfb8 15. a4 Qa6 16. Qc2 c4 17. Nb5 Rc8 18. Bc3 Nc5 19. Rhe1 Nxa4 20. Bxf6 Qxb5 21. Bxg7 Kxg7 22. Rab1 Rab8 23. Qd2 Qb4 24. Qd4+ f6 25. Ng5 Nc5 26. h4 Kg8 27. Nf3 Nd3 28. Rh1 h5 29. g4 hxg4 30. Ng5 fxg5 31. hxg5 Ne5 32. Qe3 Qb3 33.
Qf4 Qf3+ 34. Qxf3 gxf3+ 35. Kg3 Rb3 36. Rh6 Kf7 37. Rbh1 Ke8 38. Rh8+ Kd7 39. Rxc8 Kxc8 40. Rh8+ Kd7 41. Rh4 Rxb2 42. Rf4 c3 43. Rxf3 Nxf3 44. Kxf3 c2 0-1

[Event "Early-Titled-Tuesday-Blitz-May-14-2024"]
[Site "Chess.com"]
[Date "2024.05.14"]
[Round "2"]
[White "ubdip"]
[Black "carloseduar100"]
[Result "0-1"]
[WhiteElo "2481"]
[BlackElo "2224"]
[TimeControl "180+1"]
[EndTime "8:18:40 PDT"]
[Termination "carloseduar100 won by checkmate"]

1. c4 e6 2. Nc3 d5 3. Nf3 a6 4. d4 dxc4 5. a4 Nc6 6. e4 Na5 7. Bf4 Nf6 8. Qc2 c6 9. Rd1 b5 10. Be2 Bb7 11. O-O Be7 12. axb5 cxb5 13. d5 exd5 14.
exd5 Bd6 15. Bg5 h6 16. Bh4 O-O 17. Ne4 g5 18. Nxd6 Qxd6 19. Bg3 Qe7 20. Rfe1 Qb4 21. d6 Rfe8 22. Nd4 Nb3 23. Nf5 Be4 24. Nxh6+ Kh7 25. Qc3 Qxc3 26. bxc3 Kxh6 27. d7 Nxd7 28. Rxd7 Bd3 29.
Rd6+ Kg7 30. Kf1 Nc1 31. Bxd3 Rxe1+ 32. Kxe1 Nxd3+ 33. Kd2 a5 34. Rd5 a4 35. Rxg5+ Kh7 36.
Rxb5 a3 37. Rb1 a2 38. Ra1 Nc5 39. Kc2 Nb3 40. Kb2 Nxa1 41. Kxa1 Kg6 42. Be5 Kf5 43. Bd4 Ke4 44. g3 Kd3 45. h4 Kc2 46. h5 Kb3 47. h6 Re8 48. Be3 Rd8 49. Bd4 Rxd4 50.
cxd4 c3 51. h7 c2 52. h8=Q c1=Q# 0-1

[Event "Early-Titled-Tuesday-Blitz-May-14-2024"]
[Site "Chess.com"]
[Date "2024.05.14"]
[Round "2"]
[White "rudolfjun2005"]
[Black "Niktlt"]
[Result "1-0"]
[WhiteElo "2450"]
[BlackElo "2720"]
[TimeControl "180+1"]
[EndTime "8:18:41 PDT"]
[Termination "rudolfjun2005 won on time"]

1. e4 c5 2. Nf3 Nc6 3. Bb5 e6 4.
O-O Nge7 5. Re1 a6 6. Bf1 d5 7. exd5 Nxd5 8. d4 cxd4 9. Nxd4 Bc5 10. Nxc6 bxc6 11. c4 Nb4 12. Qb3 a5 13. a3 a4 14. Qc3 Qb6 15. Be3 Bxe3 16. Rxe3 Na6 17. Qxg7 Rf8 18. Nd2 Bb7 19. Qf6 Qd8 20. Qc3 Qb6 21.
Qf6 Qd8 22. Qc3 Qb6 23. Ne4 O-O-O 24. c5 Qa7 25. Qa5 Rd5 26. Qxa4 Kb8 27. b4 Rd4 28. Nd6 Rd8 29. Qa5 R8xd6 30. cxd6 Rxd6 31. b5 Rd5 32. a4 Nc7 33. Qxa7+ Kxa7 34. Rb1 Kb6 35. bxc6+ Kxc6 36. Rc3+ Kd6 37. Rxb7 Na6 38. Rb6+ Ke5 39. Rxa6 Rd1 40. Ra5+ Kf6 41. Rf3+ Kg6 42. Ra7 f5 43. Rg3+ Kf6 44. Rxh7 f4 45. Rh6+ Kf5 46. Rh5+ Kf6 47. Rc3 e5 48. Rc6+ Rd6 49. Rxd6+ Ke7 50. Ra6 1-0

[Event "Early-Titled-Tuesday-Blitz-May-14-2024"]
[Site "Chess.com"]
[Date "2024.05.14"]
[Round "2"]
[White "stepanosinovsky"]
[Black "Logman74"]
[Result "1-0"]
[WhiteElo "2315"]
[BlackElo "2516"]
[TimeControl "180+1"]
[EndTime "8:18:41 PDT"]
[Termination "stepanosinovsky won on time"]

1. e4 e5 2. Nf3 Nc6 3. Bb5 a6 4.
Ba4 Nf6 5. O-O Be7 6. Re1 b5 7. Bb3 O-O 8. Nc3 d6 9. a4 b4 10. Nd5 Nxd5 11. Bxd5 Bb7 12. d4 exd4 13. Nxd4 Qd7 14.
Nf5 Bf6 15. Qg4 Ne5 16. Nh6+ Kh8 17. Qxd7 Nxd7 18. Nxf7+ Rxf7 19. Bxf7 Rf8 20. Bd5 c6 21. Bc4 Bd4 22. Be3 Bxb2 23. Rab1 Bc3 24. Red1 Ne5 25.
Be2 d5 26. exd5 cxd5 27. Bc5 Rd8 28. Bxb4 Bxb4 29. Rxb4 Bc6 30. a5 h6 31. Rb6 Ba4 32.
Rd2 Rc8 33. Bxa6 Rc5 34. f4 Ng4 35. Be2 Nf6 36. a6 Ra5 37. Rb4 Bc6 38. Bd3 Kg8 39. h3 Kf7 40. Rb6 Bd7 41. Re2 g5 42. fxg5 hxg5 43.
Rf2 Be6 44. Kh2 Ke7 45. Re2 Ne4 46. Bxe4 Kf6 47. Bd3 1-0

[Event "Early-Titled-Tuesday-Blitz-May-14-2024"]
[Site "Chess.com"]
[Date "2024.05.14"]
[Round "2"]
[White "vasblesk"]
[Black "ReinisUz"]
[Result "1-0"]
[WhiteElo "2811"]
[BlackElo "2413"]
[TimeControl "180+1"]
[EndTime "8:18:43 PDT"]
[Termination "vasblesk won by resignation"]

1. d4 d5 2. Nf3 c6 3. g3 Nf6 4. Bg2 Bf5 5. O-O e6 6. c4 Be7 7. Qb3 Qb6 8. Nc3 Nbd7 9. c5 Qxb3 10. axb3 a6 11. b4 O-O 12. h3 Bg6 13. g4 Rfe8 14. Bf4 Ne4 15. Na4 Bf6 16. e3 e5 17. dxe5 Nxe5 18.
Bxe5 Bxe5 19. Nxe5 Rxe5 20. f4 Ree8 21. f5 Nd2 22. Rf2 Nc4 23. fxg6 hxg6 24. Re1 Re7 25.
e4 Rae8 26. Rfe2 d4 27. Rd1 Rd8 28. b3 Ne5 29. Nb2 d3 30. Red2 Rd4 31. Kf2 Red7 32. Bf1 Rxb4 33. Nxd3 Nxd3+ 34. Rxd3 Re7 35. Bg2 Re5 36.
Rc1 g5 37. Ke3 g6 38. Rdc3 f5 39. Rd1 Kf7 40. Rd4 Rb5 41. Rdc4 a5 42. Kd4 Kf6 43. exf5 gxf5 44. gxf5 Rxf5 45. Re3 Rf4+ 46. Be4 Rh4 47. Kc3 Kg7 48. Bd3 Rxc4+ 49. Kxc4 Kf6 50. Rf3+ Kg7 51.
Rf5 Rb4+ 52. Kc3 Kh6 53. Rf6+ Kh5 54. Be2+ Kh4 55. Rh6+ Kg3 56. Bc4 b5 57. Bd3 Rf4 58. Rxc6 b4+ 59. Kd2 Rf2+ 60. Ke3 Kxh3 61. Kxf2 1-0

[Event "Early-Titled-Tuesday-Blitz-May-14-2024"]
[Site "Chess.com"]
[Date "2024.05.14"]
[Round "2"]
[White "imdvb6307"]
[Black "nitpicker"]
[Result "1-0"]
[WhiteElo "2522"]
[BlackElo "2273"]
[TimeControl "180+1"]
[EndTime "8:18:43 PDT"]
[Termination "imdvb6307 won by resignation"]

1. d4 Nf6 2. Nf3 d5 3. e3 g6 4.
c4 c6 5. Nbd2 Bg7 6. Be2 O-O 7.
b4 Nbd7 8. Bb2 e6 9. O-O Qe7 10. a4 Ne4 11. b5 Rd8 12. Qc2 f5 13. Ba3 Qf6 14. cxd5 cxd5 15. Qc7 Re8 16. a5 Nxd2 17. Nxd2 f4 18. Bd6 Bh6 19. Bxf4 Bxf4 20. Qxf4 Qxf4 21. exf4 Nf6 22. Rfc1 Bd7 23. Rc7 Rab8 24. f3 Rec8 25. Rac1 Ne8 26. Rxc8 Rxc8 27. Rxc8 Bxc8 28.
b6 axb6 29. axb6 Nd6 30. Nb3 Nc4 31. Bxc4 dxc4 32. Nd2 c3 33. Nb3 Bd7 34. Kf2 Kf8 35. Ke3 Ke7 36. Kd3 Kd6 37. Na5 Bc8 38. Kxc3 Kd5 39. Kd3 h5 40. h4 Kd6 41. Ke4 Kd7 42. Ke5 Ke7 43. g3 Kd7 44. g4 hxg4 45. fxg4 Ke7 46.
h5 gxh5 47. gxh5 Kf7 48. Nb3 Ke7 49. Nc5 Kf7 50. h6 Kg6 51. Nxe6 Kxh6 52. Kf6 Kh7 53. d5 Kg8 54. d6 Bd7 55. Nc5 Bc6 56. Nxb7 1-0

[Event "Early-Titled-Tuesday-Blitz-May-14-2024"]
[Site "Chess.com"]
[Date "2024.05.14"]
[Round "2"]
[White "KuzubovYuriy"]
[Black "capatl"]
[Result "1-0"]
[WhiteElo "2949"]
[BlackElo "2633"]
[TimeControl "180+1"]
[EndTime "8:18:44 PDT"]
[Termination "KuzubovYuriy won by resignation"]

1. d4 d5 2. c4 e6 3. Nf3 Nf6 4. Nc3 Be7 5. Bf4 O-O 6. e3 c5 7. dxc5 Bxc5 8. cxd5 Nxd5 9. Nxd5 exd5 10. a3 Nc6 11. Bd3 Be7 12. O-O Bf6 13. Qc2 g6 14. h3 Be6 15. Rad1 Qb6 16. Rd2 Rac8 17. Qb1 Na5 18.
Be5 Bxe5 19. Nxe5 Nc4 20. Bxc4 dxc4 21. Rfd1 c3 22. bxc3 Rxc3 23. Qxb6 axb6 24. Rb1 Rxa3 25. Rxb6 Re8 26. Rxb7 Bc8 27. Rb5 Ba6 28. Rc5 Ra1+ 29. Kh2 Bb7 30. Rd7 Bc8 31. Rd2 Be6 32. g4 Ra4 33. Kg3 Kg7 34. Nf3 Re7 35. Nd4 Bd7 36. Rc7 Kf8 37. Nf3 Be6 38. Rd8+ Re8 39. Rxe8+ Kxe8 40. Ng5 Bd5 41. Nxh7 Be6 42. Ng5 Bd5 43. f3 Ra3 44. e4 Ba2 45. Rc1 Rd3 46. h4 Bb3 47. Nh3 Bd1 48. Ng1 Rd2 49. Rc3 Bc2 50. Re3 Bd3 51. Nh3 Bc4 52. Nf4 Bf1 53. g5 Kf8 54. Nd5 Kg7 55. Nf6 Rg2+ 56. Kf4 Rxg5 57. hxg5 Bh3 58.
Rc3 Bc8 59. Rd3 1-0